 Dungeon Crawl Stone Soup version 0.27.1-33-g824d729ab1 (webtiles) character file.

Game seed: 14783144511250859757

4 nipodemus the Firebug (level 1, -1/9 HPs)
             Began as a Vine Stalker Fire Elementalist on Dec 29, 2021.
             Slain by a kobold (3 damage)
             ... on level 1 of the Dungeon.
             The game lasted 00:02:03 (325 turns).

nipodemus the Firebug (VSFE)                         Turns: 325, Time: 00:02:03

Health: -1/9       AC:  2    Str: 10    XL:     1   Next: 70%
Magic:  0/4        EV: 12    Int: 15    God:
Gold:   17         SH:  0    Dex: 14    Spells: 3/4 levels left

rFire    . . .     SeeInvis .   (no weapon)
rCold    . . .     Faith    .   (no shield)
rNeg     . . .     Spirit   +   a - +0 robe
rPois    .         Reflect  .   (no helmet)
rElec    .         Harm     .   (no cloak)
rCorr    .         Rampage  .   (no gloves)
Will     .....                  (no boots)
Stlth    ++........             (no amulet)
HPRegen  0.03/turn              (no ring)
MPRegen  0.09/turn              (no ring)

@: no status effects
A: fangs 2, magic shield, antimagic bite, no potion heal 2
a: no special abilities


You were on level 1 of the Dungeon.
You visited 1 branch of the dungeon, and saw 1 of its levels.

You collected 17 gold pieces.

Inventory:

Armour
 a - a +0 robe (worn)
Potions
 b - 2 potions of curing {unknown}


   Skills:
 + Level 1.5 Dodging
 + Level 2.4 Stealth
 + Level 2.4 Spellcasting
 + Level 1.0 Conjurations
 + Level 3.1 Fire Magic


You had 3 spell levels left.
You knew the following spells:

 Your Spells              Type           Power      Damage    Failure   Level
a - Foxfire               Conj/Fire      32%        2x1d5     9%          1

Your spell library contained the following spells:

 Spells                   Type           Power      Damage    Failure   Level
 Conjure Flame            Conj/Fire      8%         6-21      26%         3
 Inner Flame              Hex/Fire       6%         N/A       32%         3
 Sticky Flame             Conj/Fire      8%         2d3       65%         4
 Leda's Liquefaction      Hex/Erth       0%         N/A       91%         4
 Fireball                 Conj/Fire      4%         3d4       94%         5
 Bolt of Magma            Conj/Fire/Erth 3%         4d5       97%         5
 Statue Form              Tmut/Erth      0%         N/A       100%        6


Dungeon Overview and Level Annotations

Branches:
Dungeon (1/15)

Altars:


Innate Abilities, Weirdness & Mutations

You have extremely sharp teeth.
When hurt, damage is shared between your health and your magic reserves.
Your bite disrupts and absorbs the magic of your enemies.
Potions cannot restore your health.


Message History

Confirm with . or Enter, or press ? or * to list all spells.
You miscast Foxfire.
You are very lightly contaminated with residual magic.
Nothing appears to happen.
The kobold closely misses you.
Your foxfire dissipates!
You barely miss the kobold. You closely miss the kobold.
Your bite misses the kobold.
The kobold hits you with a +2 dagger of protection.
You closely miss the kobold. The kobold closely misses you.
Casting: Foxfire (safe; 10% risk of failure)
Confirm with . or Enter, or press ? or * to list all spells.
You conjure some foxfire!
The kobold hits you with a +2 dagger of protection.
Your foxfire dissipates!
The foxfire hits the kobold but does no damage.
Your magical contamination has completely faded away.
Found a stone staircase leading down.
A goblin comes into view. It is wielding a +0 club.
Found 18 poisoned darts.
Casting: Foxfire (safe; 10% risk of failure)
Confirm with . or Enter, or press ? or * to list all spells.
You conjure some foxfire!
The goblin shouts!
The kobold closely misses you.
You barely miss the kobold. You bite the kobold, but do no damage.
The foxfire hits the goblin.
You kill the goblin!
The kobold hits you with a +2 dagger of protection.
* * * LOW HITPOINT WARNING * * *
You hit the kobold but do no damage. You bite the kobold. You drain its power.
You feel invigorated.
The kobold is moderately wounded.
The kobold closely misses you.
You hit the kobold but do no damage.
The kobold is moderately wounded.
The kobold hits you with a +2 dagger of protection.
You hit the kobold but do no damage.
The kobold is moderately wounded.
The kobold hits you with a +2 dagger of protection.
You die...

#.# #†# ###.###### #
###........# #.
#.....####.# #.
#.#.#.####.#### #.
#.#.#.#........
##.####.#.....##.####
#..v@K.......###.#
#...###.#........#
#..) #......#####
........####.##
#.>.... .. #.#
#....(.... #.# #.
####...### ##'## #.
#... ##...## #.
##.....## #.


You could see a kobold (ally target).

Vanquished Creatures
  A ball python (D:1)
  An endoplasm (D:1)
  A goblin (D:1)
  A rat (D:1)
4 creatures vanquished.

Vanquished Creatures (others)
  9 foxfires (D:1)
9 creatures vanquished.

Grand Total: 13 creatures vanquished

Notes
Turn   | Place    | Note
-------+----------+-------------------------------------------
     0 | D:1      | nipodemus the Vine Stalker Fire Elementalist began the
                  | quest for the Orb.
     0 | D:1      | Reached XP level 1. HP: 9/9 MP: 4/4
   325 | D:1      | Slain by a kobold

Illustrated notes

Levels and vault maps discovered:
D:1:      scummos_arrival_simple_fountains, layout_loops_corners

Action                   || total
-------------------------++-------
Melee: Unarmed           ||    13
       Bite              ||     3
 Cast: Foxfire           ||     6
Dodge: Dodged            ||     8
